 Dungeon Crawl Stone Soup version 0.26.0-10-g1f06aea511 (webtiles) character file.

Game seed: 2621918301361910911

881 inmateoo the Digger (level 8, 0/52 HPs)
             Began as an Octopode Earth Elementalist on Jan 15, 2021.
             Killed from afar by an orc wizard (7 damage)
             ... with a magic dart
             ... on level 5 of the Dungeon.
             The game lasted 00:06:40 (5188 turns).

inmateoo the Digger (Octopode Earth Elementalist)   Turns: 5188, Time: 00:06:41

Health: 0/52       AC:  1    Str:  7    XL:     8   Next: 5%
Magic:  0/14       EV: 14    Int: 20    God:
Gold:   191        SH:  0    Dex: 12    Spells: 9/15 levels left

rFire    . . .     SeeInvis .   p - +1 whip (venom)
rCold    . . .     Faith    .   (no shield)
rNeg     . . .     Spirit   +   (helmet restricted)
rPois    .         Reflect  .   m - amulet of guardian spirit
rElec    .         Harm     .   (no ring)
rCorr    .         Rampage  .   (no ring)
Will     .....                  (no ring)
Stlth    +++.......             (no ring)
HPRegen  0.17/turn              (no ring)
MPRegen  0.14/turn              (no ring)
                                (no ring)
                                (no ring)

@: no status effects
A: almost no armour, stealthy swim, amphibious, 8 rings, constrict 8, camouflage
1, gelatinous body 1
a: no special abilities


You were on level 5 of the Dungeon.
You visited 1 branch of the dungeon, and saw 5 of its levels.
You also visited: Sewer.

You collected 191 gold pieces.

Inventory:

Hand Weapons
 n - a +1 spear of venom
 p - a +1 whip of venom (weapon)
Missiles
 b - 119 stones
Jewellery
 m - an amulet of guardian spirit (around mantle)
Wands
 q - a wand of random effects (27)
Scrolls
 a - 3 scrolls of identify
 d - 3 scrolls of enchant armour
 e - 5 scrolls of teleportation
 f - a scroll of fear
 h - a scroll of immolation {unknown}
 k - 2 scrolls of remove curse
 l - a scroll of enchant weapon
Potions
 c - a potion of haste
 g - 4 potions of flight
 i - 2 potions of might
 j - 2 potions of mutation
 o - a potion of curing


   Skills:
 - Level 3.0 Fighting
 - Level 3.0 Dodging
 - Level 3.0 Stealth
 + Level 3.5 Unarmed Combat
 + Level 4.1 Spellcasting
 + Level 3.9 Transmutations
 + Level 4.8 Earth Magic


You had 9 spell levels left.
You knew the following spells:

 Your Spells              Type           Power        Failure   Level
a - Sandblast             Erth           46%          1%          1
b - Passwall              Tmut/Erth      17%          3%          2
c - Stone Arrow           Conj/Erth      26%          14%         3

Your spell library contained the following spells:

 Spells                   Type           Power        Failure   Level
 Shock                    Conj/Air       16%          13%         1
 Swiftness                Air            4%           19%         2
 Petrify                  Tmut/Erth      21%          22%         4
 Static Discharge         Conj/Air       4%           36%         3
 Lee's Rapid Deconstruct  Erth           11%          43%         5
 Airstrike                Air            2%           77%         4
 Lightning Bolt           Conj/Air       2%           98%         5


Dungeon Overview and Level Annotations

Branches:
Dungeon (5/15)              Sewer (visited)
 Temple: D:4-7

Altars:
Fedhas
Hepliaklqana


Innate Abilities, Weirdness & Mutations

You cannot wear most types of armour.
You are very stealthy in the water. (Stealth+)
You are amphibious.
You can wear up to eight rings at the same time.
You can use your tentacles to constrict eight enemies at once.
Your skin changes colour to match your surroundings (Stealth+).
Your rubbery body absorbs attacks. (AC +1, EV +1)


Message History

Press: ? - help, Shift-Dir - straight line The blast of sand hits something.
Casting: Sandblast (safe; 1% risk of failure)
Confirm with . or Enter, or press ? or * to list all spells.
Aiming: Sandblast (safe; 1% risk of failure)
Press: ? - help, Shift-Dir - straight line The blast of sand hits the orc.
The orc is severely wounded.
Something hits you but does no damage.
Casting: Sandblast (safe; 1% risk of failure)
Confirm with . or Enter, or press ? or * to list all spells.
You don't have enough magic to cast that spell.
Unknown command.
You closely miss something.
The orc hits you with a cursed -3 dagger.
* * * LOW HITPOINT WARNING * * *
You hear some strange, mumbled words.
A magic dart appears from out of thin air!
The magic dart hits you!
You die...

..#........#
..#........# ..
..#........# ..
...........# #.
###.######## #!###
###.# #...# #...
#...# #.#.# =o#
#'######.#.#####o#
.......#.#)....{@#
....##+#.###+#)###
....#..........#
.............(##
≈≈≈...........#
≈≈≈≈≈.........#
≈≈≈≈≈≈........#
≈≈≈≈≈≈≈.......#
...≈≈≈≈...#####


You could see 2 orcs.

Vanquished Creatures
  An ogre (D:2)
  2 big kobolds (Sewer)
  2 orc priests (D:4)
  5 orc wizards
  Ijyb (D:3)
  An iguana (D:4)
  5 worker ants (D:4)
  2 gnolls (D:4)
  13 adders
  A river rat (Sewer)
  An ufetubus (D:5)
  6 worms
  4 leopard geckos
  12 orcs
  7 giant cockroaches
  13 goblins
  6 hobgoblins
  4 jackals
  12 kobolds
  A quokka (D:2)
  7 ball pythons
  9 bats
  5 frilled lizards
  A quokka skeleton (D:4)
  11 rats
132 creatures vanquished.

Notes
Turn   | Place    | Note
-------+----------+-------------------------------------------
     0 | D:1      | inmateoo the Octopode Earth Elementalist began the quest
                  | for the Orb.
     0 | D:1      | Reached XP level 1. HP: 11/11 MP: 3/3
   306 | D:1      | Reached XP level 2. HP: 11/18 MP: 5/5
  1045 | D:2      | Noticed an ogre
  1107 | D:1      | Learned a level 2 spell: Passwall
  1219 | D:2      | Reached XP level 3. HP: 22/22 MP: 4/6
  1240 | D:2      | Found a hazy altar of Hepliaklqana.
  1283 | D:2      | Killed an ogre
  1284 | D:2      | Reached skill level 1 in Fighting
  1284 | D:2      | Reached skill level 1 in Unarmed Combat
  1284 | D:2      | Reached XP level 4. HP: 10/28 MP: 0/7
  1493 | D:2      | Reached XP level 5. HP: 33/33 MP: 4/8
  2117 | D:3      | Learned a level 3 spell: Stone Arrow
  2435 | D:3      | Found a glowing drain.
  2498 | Sewer    | Entered a sewer
  2606 | Sewer    | Reached XP level 6. HP: 36/39 MP: 5/10
  3281 | D:3      | Reached XP level 7. HP: 36/45 MP: 6/11
  3386 | D:3      | Noticed Ijyb
  3398 | D:3      | Killed Ijyb
  5019 | D:4      | Reached XP level 8. HP: 52/52 MP: 9/14
  5032 | D:5      | Entered Level 5 of the Dungeon
  5155 | D:5      | Found a blossoming altar of Fedhas.
  5188 | D:5      | Killed from afar by an orc wizard

Illustrated notes

Levels and vault maps discovered:
D:1:      dpeg_arrival_rhombus, layout_basic
D:2:      layout_rooms, nzn_hepliaklqana_mist_gate
D:3:      kennysheep_goblin_castle, layout_rooms, portal_sewer_entry_a
D:4:      minmay_chambers_of_threes, layout_basic, hangedman_decor_peaks_small
D:5:      layout_basic, fedhas_ov_isle_minmay

Skill      XL: |  1  2  3  4  5  6  7 |
---------------+----------------------+-----
Stealth        | 3 |  3.0
Fighting       | 1 2 3 |  3.0
Unarmed Combat | 1 2 3 |  3.5
Transmutations | 2 3 |  3.9
Dodging        | 3 |  3.0
Spellcasting   | 3 4 |  4.1
Earth Magic    | 4 |  4.8

Action                   |  1- 3 |  4- 6 |  7- 9 || total
-------------------------+-------+-------+-------++-------
Melee: Unarmed           |    47 |    48 |       ||    95
       Constrict         |     9 |    13 |     9 ||    31
       Tentacles         |     2 |    10 |     3 ||    15
       Punch             |       |     1 |     2 ||     3
       Whip              |       |       |    42 ||    42
 Cast: Sandblast         |    20 |    92 |    74 ||   186
Evoke: Wand              |       |       |     1 ||     1
  Use: Potion            |       |     2 |     1 ||     3
       Scroll            |       |       |    13 ||    13
 Stab: Sleeping          |     3 |     4 |     2 ||     9
Armor: Skin              |     7 |     4 |     1 ||    12
Dodge: Dodged            |    42 |    82 |    54 ||   178
